 Dungeon Crawl Stone Soup version 0.21.1-1-g345015f (webtiles) character file.

95 hal2100 the Firebug (level 4, -2/24 HPs)
             Began as a Gargoyle Fire Elementalist on July 13, 2018.
             Slain by an ice beast (10 damage)
             ... on level 3 of the Dungeon.
             The game lasted 00:15:53 (1330 turns).

hal2100 the Firebug (Gargoyle Fire Elementalist)    Turns: 1330, Time: 00:15:53

Health: -2/24      AC:  7    Str: 12    XL:     4   Next: 65%
Magic:  0/7        EV: 12    Int: 16    God:
Gold:   59         SH:  0    Dex: 10    Spells: 4/8 levels left

rFire    . . .     SeeInvis .   f - -2 whip (curse)
rCold    . . .     Gourm    .   (no shield)
rNeg     + . .     Faith    .   a - +0 robe
rPois    ∞         Spirit   .   s - +0 helmet
rElec    +         Reflect  .   (no cloak)
rCorr    .         Harm     .   (no gloves)
MR       .....                  m - +0 pair of boots
Stlth    ++........             (no amulet)
HPRegen  0.08/turn              (no ring)
MPRegen  0.10/turn              (no ring)

@: no status effects
A: negative energy resistance 1, electricity resistance, unbreathing,
petrification resistance, rot immunity, AC +3
a: no special abilities


You were on level 3 of the Dungeon.
You were not hungry.

You visited 1 branch of the dungeon, and saw 3 of its levels.

You collected 59 gold pieces.

Inventory:

Hand Weapons
 f - a cursed -2 whip (weapon)
 h - a +0 hunting sling
 i - a +0 spear
 u - a +1 dagger of flaming
Missiles
 e - 71 stones (quivered)
Armour
 a - a +0 robe (worn)
 m - a +0 pair of boots (worn)
 r - a +2 buckler
 s - a +0 helmet (worn)
Potions
 g - a potion of magic {unknown}
 j - a potion of might {unknown}
 l - 2 potions of curing {unknown}
 o - 2 potions of brilliance
 p - a potion of flight {unknown}
 t - a potion of haste {unknown}
Books
 b - a book of Flames

   Spells                             Type                      Level
   a - Flame Tongue                   Conjuration/Fire             1
   b - Throw Flame                    Conjuration/Fire             2
   c - Conjure Flame                  Conjuration/Fire             3
   d - Inner Flame                    Hexes/Fire                   3
   e - Sticky Flame                   Conjuration/Fire             4
   f - Fireball                       Conjuration/Fire             5
Comestibles
 c - 4 rations
 d - 3 chunks of flesh


   Skills:
 + Level 0.7 Fighting
 + Level 1.6 Slings
 - Level 1.8 Dodging
 - Level 2.2 Stealth
 * Level 0.3 Shields
 + Level 2.5 Spellcasting
 + Level 1.6 Conjurations
 * Level 3.8 Fire Magic


You had 4 spell levels left.
You knew the following spells:

 Your Spells              Type           Power        Failure   Level  Hunger
a - Flame Tongue          Conj/Fire      ##...        6%          1    #......
b - Conjure Flame         Conj/Fire      ##......     19%         3    ###....


Dungeon Overview and Level Annotations

Branches:
Dungeon (3/15)

Altars:
The Shining One


Innate Abilities, Weirdness & Mutations

You are resistant to torment.
Your stone body is resilient. (AC +3)
You are immune to poison.
You resist negative energy. (rN+)
You are resistant to electric shocks. (rElec)
You can survive without breathing.
You are immune to petrification.
You are immune to rotting.


Message History

You climb downwards.
There is a stone staircase leading up here.
Casting: Flame Tongue
Confirm with . or Enter, or press ? or * to list all spells.
Aiming: Flame Tongue
Press: ? - help, Shift-Dir - straight line, f - ice beast
Aim: an ice beast (heavily wounded)
The flame tongue hits the ice beast.
The ice beast melts!
The ice beast is severely wounded.
The ice beast hits you but does no damage.
You barely miss the ice beast.
The ice beast is severely wounded.
The ice beast completely misses you. x2
You closely miss the ice beast.
The ice beast is severely wounded.
The ice beast barely misses you.
You barely miss the ice beast.
The ice beast is severely wounded.
The ice beast hits you. The ice beast freezes you!
You die...

####
##...##..
#@.8....8
##Y..##..
#### . ..
##


You could see an ice beast.

Vanquished Creatures
  A centaur skeleton (D:2)
  2 oozes (D:1)
  A worm (D:2)
  2 leopard geckos (D:2)
  3 ball pythons
  10 goblins
  7 hobgoblins
  3 jackals (D:1)
  2 quokkas (D:2)
  4 bats
  4 frilled lizards
  3 kobolds
  9 rats
51 creatures vanquished.

Notes
Turn   | Place    | Note
-------+----------+-------------------------------------------
     0 | D:1      | hal2100 the Gargoyle Fire Elementalist began the quest for the Orb.
     0 | D:1      | Reached XP level 1. HP: 10/10 MP: 3/3
    60 | D:1      | Reached XP level 2. HP: 15/15 MP: 1/5
   273 | D:1      | Found a glowing golden altar of the Shining One.
   372 | D:1      | Reached XP level 3. HP: 17/19 MP: 1/6
   377 | D:1      | Learned a level 3 spell: Conjure Flame
   849 | D:2      | Reached skill level 1 in Slings
   892 | D:2      | Reached XP level 4. HP: 17/24 MP: 0/7
  1271 | D:2      | Noticed an ice beast
  1330 | D:3      | Slain by an ice beast

Skill      XL: |  1  2  3 |
---------------+----------+-----
Slings         | 1 |  1.6
Fighting       | |  0.7
Dodging        | |  1.8
Stealth        | |  2.2
Shields        | |  0.3
Spellcasting   | |  2.5
Conjurations   | |  1.6
Fire Magic     | |  3.8

Action                   |  1- 3 |  4- 6 || total
-------------------------+-------+-------++-------
Melee: Dagger            |     1 |       ||     1
       Whip              |       |     3 ||     3
 Fire: Hunting sling     |    42 |    14 ||    56
 Cast: Flame Tongue      |    44 |    22 ||    66
       Conjure Flame     |       |     2 ||     2
  Use: Scroll            |       |     3 ||     3
  Eat: Chunk             |       |     2 ||     2
Armor: Robe              |    16 |     7 ||    23
Dodge: Dodged            |    27 |     8 ||    35
